 Dungeon Crawl Stone Soup version 0.26-a0-576-gcfaa98f945 (webtiles) character file.

Game seed: 8751332297320047769

21 Descartes the Vexing (level 2, -2/29 HPs)
             Began as an Ogre Arcane Marksman on Aug 22, 2020.
             Was an Initiate of Fedhas.
             Slain by an adder (4 damage)
             ... on level 1 of the Dungeon.
             The game lasted 00:02:46 (1646 turns).

Descartes the Vexing (Ogre Arcane Marksman)         Turns: 1646, Time: 00:02:47

Health: -2/29      AC:  4    Str: 13    XL:     2   Next: 87%
Magic:  3/3        EV: 10    Int: 14    God:    Fedhas [......]
Gold:   87         SH:  0    Dex:  9    Spells: 2/3 levels left

rFire    . . .     SeeInvis .   a - +0 spear
rCold    . . .     Faith    .   (no shield)
rNeg     + . .     Spirit   .   q - +0 robe
rPois    .         Reflect  .   (helmet restricted)
rElec    .         Harm     .   m - +0 cloak
rCorr    .                      (gloves unavailable)
MR       .....                  (boots unavailable)
Stlth    +.........             (no amulet)
HPRegen  0.09/turn              j - ring of positive energy
MPRegen  0.08/turn              (no ring)

@: lethally poisoned (-2 -> -8)
A: large, unfitting armour, tough skin 1
a: Renounce Religion


You were on level 1 of the Dungeon.
You worshipped Fedhas.
Fedhas was noncommittal.
You visited 1 branch of the dungeon, and saw 2 of its levels.

You collected 87 gold pieces.

Inventory:

Hand Weapons
 a - a +0 spear (weapon)
 b - a +0 hunting sling
Missiles
 c - 4 large rocks (quivered)
 d - 2 throwing nets
 h - 27 sling bullets
 k - 58 stones
 l - 30 bolts
 o - 52 arrows
Armour
 m - a +0 cloak (worn)
 q - a +0 robe (worn)
Jewellery
 j - a ring of positive energy (left hand)
Scrolls
 f - 3 scrolls of identify {unknown}
 i - 2 scrolls of remove curse {unknown}
 n - a scroll of teleportation {unknown}
 p - a scroll of enchant weapon {unknown}
Potions
 e - a potion of curing {unknown}
 g - a potion of degeneration {unknown}


   Skills:
 + Level 2.4 Fighting
 + Level 2.4 Throwing
 + Level 2.2 Dodging
 - Level 1.2 Spellcasting
 - Level 2.6 Hexes


You had 2 spell levels left.
You knew the following spells:

 Your Spells              Type           Power        Failure   Level
a - Corona                Hex            #......      9%          1

Your spell library contained the following spells:

 Spells                   Type           Power        Failure   Level
 Slow                     Hex            #.......     13%         2
 Inner Flame              Hex/Fire       #.......     41%         3
 Portal Projectile        Hex/Tloc       #.....       41%         3
 Cause Fear               Hex            #.........   65%         4
 Leda's Liquefaction      Hex/Erth       #.........   83%         4


Dungeon Overview and Level Annotations

Branches:
Dungeon (2/15)

Altars:
Fedhas


Innate Abilities, Weirdness & Mutations

You are too large for most types of armour.
You have tough skin. (AC +1)


Message History

The adder poisons you! The adder barely misses you.
* * * LOW HITPOINT WARNING * * *
You feel sick.
* * * LOW HITPOINT WARNING * * *
You feel sick. The adder barely misses you.
* * * LOW HITPOINT WARNING * * *
You feel sick.
* * * LOW HITPOINT WARNING * * *
You feel sick.
There is a stone staircase leading up here.
The adder misses you.
You climb upwards.
* * * LOW HITPOINT WARNING * * *
You feel sick.
There is a stone staircase leading down here.
You closely miss the adder.
* * * LOW HITPOINT WARNING * * *
You feel sick. The adder bites you.
You die...
Fedhas appreciates your contribution to the ecosystem.

##.............##.#########......
.....#####....................###
##.#.#####...#.##.#########.###
#.#........##.##.# #..#
#.#.#########.##.###### ##.#
#.#.# #######.##......#####.####
#.#.# #.........#####...........
#.#.# #.#####.#.# #######.####
#.#.# #.# #.#@# #.# #.#.# #.#
#.#S# #.# #.#.###.#####.#.# #.#
#.......†.....#.# #.#
###############.# #.#### #.#
#..... #.# ######### #.#
#........ #.########.#######


You could see an adder.

Vanquished Creatures
  A leopard gecko (D:1)
  2 bats
  A giant cockroach (D:2)
  6 goblins
  2 hobgoblins
  2 frilled lizards (D:1)
  2 kobolds (D:2)
  3 rats
19 creatures vanquished.

Notes
Turn   | Place    | Note
-------+----------+-------------------------------------------
     0 | D:1      | Descartes the Ogre Arcane Marksman began the quest for the
                  | Orb.
     0 | D:1      | Reached XP level 1. HP: 19/19 MP: 2/2
   551 | D:1      | Reached XP level 2. HP: 22/28 MP: 3/3
  1476 | D:2      | Found a blossoming altar of Fedhas.
  1540 | D:2      | Became a worshipper of Fedhas Madash
  1646 | D:1      | Slain by an adder

Illustrated notes

Levels and vault maps discovered:
D:1:      dpeg_arrival_houses_and_road, layout_loops_ring
D:2:      layout_loops_corners, fedhas_ov_isle_minmay

Skill      XL: |  1 |
---------------+----+-----
Fighting       | 2 |  2.4
Dodging        | 2 |  2.2
Throwing       | |  2.4
Spellcasting   | |  1.2
Hexes          | |  2.6

Action                   || total
-------------------------++-------
Melee: Dagger            ||    73
       Unarmed           ||     2
       Spear             ||    13
 Fire: Hunting sling     ||    11
Armor: Robe              ||    21
Dodge: Dodged            ||    47

Table legend: (Time is in decaauts)
 A = Elapsed time spent in this place.
 B = Non-inter-level travel time spent in this place.
 C = Inter-level travel time spent in this place.
 D = Time resting spent in this place.
 E = Time spent auto-exploring this place.
 F = Levels seen in this place.
 G = Mean time per level.
                   A        B        C        D        E       F      G
               +--------+--------+--------+--------+--------+-----+--------+
         Total |   1647 |   1578 |     69 |      0 |   1338 |   2 |  823.5 |
       Dungeon |   1647 |   1578 |     69 |      0 |   1338 |   2 |  823.5 |
               +--------+--------+--------+--------+--------+-----+--------+

Top non-repeatable levels by time:
     D:1: 1081 daAuts
     D:2: 565 daAuts
